 Dungeon Crawl Stone Soup version 0.21-a0-528-gf531e82 (webtiles) character file.

50 slep the Chopper (level 4, 0/34 HPs)
             Began as a Formicid Gladiator on Dec 9, 2017.
             Slain by an adder (3 damage)
             ... on level 2 of the Dungeon.
             The game lasted 00:04:11 (896 turns).

slep the Chopper (Formicid Gladiator)                Turns: 896, Time: 00:04:12

Health: 0/34       AC: 12    Str: 20    XL:     4   Next: 4%
Magic:  4/4        EV: 12    Int:  7    God:
Gold:   77         SH:  0    Dex: 17    Spells: 3/3 levels left

rFire    . . .     SeeInvis +   a - +0 war axe
rCold    . . .     Gourm    .   (no shield)
rNeg     . . .     Faith    .   l - +0 plate armour (curse)
rPois    .         Spirit   .   (helmet unavailable)
rElec    .         Reflect  .   (no cloak)
rCorr    .         Harm     .   (no gloves)
MR       .....                  (no boots)
Stlth    ..........             (no amulet)
HPRegen  0.51/turn              (no ring)
MPRegen  0.09/turn              (no ring)

@: agile, lethally poisoned (0 -> -1)
A: permanent stasis, dig shafts and tunnels, four strong arms, antennae 3, thin
metallic scales 1, regeneration 1, evolution 1
a: Dig, Shaft Self


You were on level 2 of the Dungeon.
You were not hungry.

You visited 1 branch of the dungeon, and saw 2 of its levels.

You collected 77 gold pieces.

Inventory:

Hand Weapons
 a - a +0 war axe (weapon)
Missiles
 c - 3 throwing nets (quivered)
Armour
 b - a +0 leather armour
 l - a cursed +0 plate armour (worn)
Jewellery
 i - a cursed ring of teleportation {unknown}
Scrolls
 e - a scroll of remove curse {unknown}
 h - a scroll of fog {unknown}
 j - 2 scrolls of identify {unknown}
Comestibles
 d - a bread ration
 k - a royal jelly


   Skills:
 + Level 2.6 Fighting
 + Level 3.6 Axes
 + Level 2.1 Throwing
 + Level 0.7 Armour
 + Level 3.3 Dodging
 + Level 0.2 Stealth


You had 3 spell levels left.
You didn't know any spells.

Dungeon Overview and Level Annotations

Branches:
Dungeon (2/15)

Altars:


Innate Abilities, Weirdness & Mutations

You cannot be hasted, slowed, berserked, paralysed or teleported.
You can dig through walls and to a lower floor.
Your four strong arms can wield two-handed weapons with a shield.
You have a pair of large antennae on your head. (SInv)
You are partially covered in thin metallic scales. (AC +2)
Your natural rate of healing is unusually fast.
You evolve.


Message History

It was a potion of agility.
You feel agile all of a sudden.
You feel sick. The jackal barely misses you.
The adder bites you but does no damage.
You hit the adder but do no damage.
The adder is almost dead.
You hit the jackal.
You kill the jackal!
The bat closely misses you. The bat hits you but does no damage.
The adder closely misses you. The adder bites you but does no damage.
You hit the adder but do no damage.
The adder is almost dead.
You closely miss the bat.
You feel sick. The bat misses you. The bat barely misses you.
The adder bites you but does no damage.
You hit the adder but do no damage.
The adder is almost dead.
You slash the bat!
You kill the bat!
The adder bites you.
You die...

## .##..#### .w{.w.!.## #.#
...
#..###..########.########....
#.........Swh†@S..............
....####.#######..............
.. #.# #............... #.##
###.............. #..#
#.............#
###.###....).).....#
#........#....#...##
##.#.....#..####.###
............## #.#


You could see 2 adders, a dart slug and a jackal.

Vanquished Creatures
  2 dart slugs (D:1)
  A leopard gecko (D:2)
  7 bats
  2 giant cockroaches (D:2)
  5 goblins
  4 hobgoblins (D:2)
  3 jackals (D:2)
  A ball python (D:1)
  A frilled lizard (D:2)
  12 kobolds
  3 rats
41 creatures vanquished.

Notes
Turn   | Place    | Note
-------+----------+-------------------------------------------
     0 | D:1      | slep the Formicid Gladiator began the quest for the Orb.
     0 | D:1      | Reached XP level 1. HP: 16/16 MP: 1/1
   137 | D:1      | Reached XP level 2. HP: 20/23 MP: 2/2
   340 | D:1      | Reached XP level 3. HP: 25/28 MP: 3/3
   884 | D:2      | Reached XP level 4. HP: 12/34 MP: 4/4
   890 | D:2      | Gained mutation: You evolve. [potion of mutation]
   890 | D:2      | Gained mutation: Your natural rate of healing is unusually fast. [potion of mutation]
   890 | D:2      | Gained mutation: You are partially covered in thin metallic scales. (AC +2) [potion of mutation]
   896 | D:2      | Slain by an adder

Vault maps used:
D:1:      giann_wishing_wells
D:2:      minmay_pentomino_x2

Skill      XL: |  1  2 |
---------------+-------+-----
Dodging        | 3 |  3.3
Fighting       | |  2.6
Axes           | |  3.6
Throwing       | |  2.1
Armour         | |  0.7
Stealth        | |  0.2

Action                   |  1- 3 |  4- 6 || total
-------------------------+-------+-------++-------
Melee: War axe           |    91 |    10 ||   101
  Use: Potion            |       |     2 ||     2
Armor: Leather armour    |    26 |       ||    26
       Plate armour      |    17 |    18 ||    35
Dodge: Dodged            |    74 |    16 ||    90

Table legend:
 A = Spawn XP
 B = Non-spawn XP
 C = Spawn XP percentage of total XP
 D = Spawn monster count
 E = Non-spawn monster count
 F = Spawn count percentage of total count
 G = Total turns spent on level
                    A         B        C        D         E        F      G
               +---------+---------+-------+---------+---------+-------+---------
         Total |       0 |      72 |   0.0 |       0 |      41 |   0.0 |   896
               +---------+---------+-------+---------+---------+-------+---------
           D:1 |       0 |      38 |   0.0 |       0 |      22 |   0.0 |   705
           D:2 |       0 |      34 |   0.0 |       0 |      19 |   0.0 |   191
               +---------+---------+-------+---------+---------+-------+---------
